cohdb
Replays
Latest Replays
All Replays
Popular Replays
Top Player Replays
Match Explorer
How It Works
Community
CoH3 Stats
Reddit
Sign in to upload your games and track your stats! →
Sign in with Steam
Match 37933190
Unlisted
Match 37933190
Overview
Messages
Build Orders
End
Construct Section Command Post
Infantry Section
Dingo Light Scout Car
Infantry Section
Infantry Section
Construct Platoon Command Post
CMP 15cwt Truck
Humber Armored Car
6-pounder Anti-tank Gun Team
Infantry Training
Grenade Package
Selects Air and Sea Battlegroup
Selects Commando Section Paradrop
Selects M1 Pack Howitzer Paradrop
Construct Company Command Post
Selects Anti-tank Rocket Loiter
Matilda II Heavy Tank
Matilda II Heavy Tank
Selects Naval Blockade
Armored Vehicle Training
Anti-tank Rocket Loiter
Anti-tank Rocket Loiter
Crusader II Medium Tank
Foot Guards Section
Jake (⌐■_■)
xtz
NekoNya
Tanith's Finest
㉿ | Mad_Korean
[Ace] Mango Rage
마사장
熊猫Real tiger
0
0
Comments
sign in to comment!
No comments posted yet!